 Dungeon Crawl Stone Soup version 0.29-a0-330-g52719c12eb (webtiles) character file.

Game seed: 8218726086114331232

1161 night the Archer (level 8, 0/51 HPs)
             Began as a Tengu Hunter on May 9, 2022.
             Slain by a gnoll shaman
             ... wielding a +0 club
              (8 damage)
             ... on level 5 of the Dungeon.
             The game lasted 00:09:23 (4914 turns).

night the Archer (Tengu Hunter)                     Turns: 4914, Time: 00:09:24

Health: 0/51       AC:  6    Str: 10 (11) XL:     8   Next: 39%
Magic:  9/9        EV: 14    Int: 11      God:
Gold:   225        SH:  0    Dex: 18 (19) Spells: 7/7 levels left

rFire   . . .      SeeInvis .   a - +2 shortbow
rCold   + . .      Faith    .   (shield currently unavailable)
rNeg    . . .      Spirit   .   b - +0 leather armour
rPois   .          Reflect  .   k - +2 hat
rElec   .          Harm     .   (no cloak)
rCorr   .          Rampage  .   r - +0 pair of gloves
Will    .....                   (boots unavailable)
Stlth   ++........              (no amulet)
HPRegen 0.17/turn               q - ring of protection from cold
MPRegen 0.11/turn               (no ring)

@: flying quickly and evasively, quick
A: beak, talons 3, nimble flight
a: no special abilities


You were on level 5 of the Dungeon.
You visited 1 branch of the dungeon, and saw 5 of its levels.

You collected 225 gold pieces.

Inventory:

Hand Weapons
 a - a +2 shortbow (weapon)
Missiles
 d - 88 stones
 p - 10 poisoned darts
Armour
 b - a +0 leather armour (worn)
 k - a +2 hat (worn)
 r - a +0 pair of gloves (worn)
Jewellery
 q - a ring of protection from cold (left hand)
Wands
 o - a wand of acid (1)
 u - a wand of flame (10)
 w - a wand of iceblast (7)
Scrolls
 c - 2 scrolls of immolation
 f - 3 scrolls of teleportation
 h - a scroll of magic mapping
 i - a scroll of fear
Potions
 e - 2 potions of mutation
 g - a potion of degeneration
 j - 2 potions of curing
 l - a potion of resistance {unknown}
 m - a potion of might
 n - a potion of brilliance {unknown}
 s - a potion of haste
 t - a potion of attraction {unknown}
 x - a potion of magic {unknown}


   Skills:
 + Level 5.9 Fighting
 * Level 9.8 Bows
 - Level 2.1 Dodging
 - Level 1.0 Stealth


You had 7 spell levels left.
You didn't know any spells.
Your spell library contained the following spells:

 Spells                   Type           Power      Damage    Failure   Level
 Sandblast                Erth           0%         2d4       43%         1
 Passwall                 Tmut/Erth      0%         N/A       58%         2
 Static Discharge         Conj/Air       0%         N/A       58%         2
 Stone Arrow              Conj/Erth      0%         3d7       82%         3
 Dispel Undead            Necr           0%         3d6       99%         4
 Passage of Golubria      Tloc           0%         N/A       99%         4
 Sticky Flame             Conj/Fire      0%         2d3       99%         4
 Silence                  Hex/Air        0%         N/A       100%        5
 Lehudib's Crystal Spear  Conj/Erth      0%         10d2      100%        8


Dungeon Overview and Level Annotations

Branches:
Dungeon (5/15)
 Temple: D:4-7

Altars:
Fedhas
Hepliaklqana
Trog
Uskayaw
Xom
Zin

Shops:
D:3 [


Innate Abilities, Weirdness & Mutations

You have a beak for a mouth.
You have claws for feet.
Your magical nature lets you fly swiftly and evasively.


Message History

You shoot an arrow.
The arrow hits the gnoll but does no damage.
The gnoll is lightly wounded.
The gnoll hits you from afar with a +0 halberd!
The gnoll barely misses you. The gnoll completely misses you.
You are no longer glowing.
The gnoll closely misses you.
The gnoll shaman calls upon its god to heal the gnoll.
The gnoll's wounds heal themselves!
There is an open door here.
You reach down and close the door.
A gnoll breaks down the door.
The gnoll hits you from afar with a +0 halberd!
* * * LOW HITPOINT WARNING * * *
The gnoll hits you from afar with a +0 halberd.
* * * LOW HITPOINT WARNING * * *
Aiming: Iceblast
Press: ? - help, Shift-Dir - straight line, f/p - gnoll
Aim: a gnoll, wielding a +0 halberd (fast)
The mass of ice explodes!
The iceblast engulfs the gnoll!
The gnoll is heavily wounded.
The gnoll misses you.
Aiming: Iceblast
Press: ? - help, Shift-Dir - straight line, f/p - gnoll
Aim: a gnoll, wielding a +0 halberd (heavily wounded, fast)
The mass of ice explodes!
The iceblast engulfs the gnoll!
You kill the gnoll!
You are too injured to fight recklessly!
Shoot: a) +2 shortbow
Press: ? - help, Q - select action, (/) - cycle Shift-Dir - straight line, f - gnoll shaman
Aim: a gnoll shaman, wielding a +0 club and wearing a +0 robe (heavily wounded, 72% to hit)
You shoot an arrow. The arrow hits the gnoll shaman.
The gnoll shaman is severely wounded.
Shoot: a) +2 shortbow
Press: ? - help, Q - select action, (/) - cycle Shift-Dir - straight line, f/p - gnoll shaman
Aim: a gnoll shaman, wielding a +0 club and wearing a +0 robe (severely wounded, 72% to hit)
You shoot an arrow.
The arrow closely misses the gnoll shaman.
The gnoll shaman hits you with a +0 club!
You die...

...####.###
#..#####.# #### #.#
#..#####.# ##'##
#........# ##..>##
##.####### ##.....##
#.## ##.......##
#..##
###.........####...##
..'.........'.)g....#
###.........####@..##
##.......## #..##
##.....## #..##
##...## #...# ##'##
##.## #.# #.# #.# #.#
##.## #.# ###
##...### #.#


You could see a gnoll shaman.

Vanquished Creatures
  Sigmund (D:2)
  An ice beast (D:5)
  An ogre (D:4)
  A black bear (D:5)
  A centaur (D:4)
  A phantom (D:5)
  A necrophage (D:4)
  3 hounds
  An orc priest (D:4)
  Natasha (thrice) (D:2)
  4 iguanas
  An orc wizard (D:4)
  4 gnolls
  4 adders
  A shadow imp (D:5)
  A white imp (D:5)
  An ufetubus (D:5)
  2 dart slugs
  2 worms (D:2)
  11 orcs
  7 ball pythons
  5 endoplasms
  3 giant cockroaches (D:1)
  6 hobgoblins (D:2)
  3 jackals (D:4)
  12 kobolds
  2 quokkas
  7 bats
  3 frilled lizards
  13 goblins
  4 rats
110 creatures vanquished.

Vanquished Creatures (others)
  8 plants
8 creatures vanquished.

Grand Total: 118 creatures vanquished

Notes
Turn   | Place    | Note
-------+----------+-------------------------------------------
     0 | D:1      | night the Tengu Hunter began the quest for the Orb.
     0 | D:1      | Reached XP level 1. HP: 12/12 MP: 2/2
   184 | D:1      | Reached XP level 2. HP: 17/17 MP: 3/3
   491 | D:1      | Reached skill level 5 in Bows
   491 | D:1      | Reached XP level 3. HP: 22/22 MP: 4/4
  1057 | D:2      | Noticed Sigmund
  1061 | D:2      | Killed Sigmund
  1062 | D:2      | Reached skill level 6 in Bows
  1062 | D:2      | Reached XP level 4. HP: 14/29 MP: 5/5
  1062 | D:2      | Gained mutation: Your magical nature lets you fly swiftly
                  | and evasively. [Tengu growth]
  1062 | D:2      | Reached XP level 5. HP: 16/33 MP: 6/6
  1143 | D:2      | Reached XP level 6. HP: 29/38 MP: 7/7
  1236 | D:2      | Noticed Natasha
  1245 | D:2      | Killed Natasha
  1294 | D:2      | Noticed Natasha
  1303 | D:2      | Killed Natasha
  1304 | D:2      | Reached skill level 7 in Bows
  1698 | D:2      | Found a hide-covered altar of Uskayaw.
  1823 | D:2      | Noticed Natasha
  1832 | D:2      | Killed Natasha
  1890 | D:3      | Found a hazy altar of Hepliaklqana.
  2280 | D:3      | Found a faded altar of an unknown god.
  2363 | D:3      | Found Ilij Epa's Armour Shoppe.
  2931 | D:4      | Reached XP level 7. HP: 44/44 MP: 8/8
  3346 | D:4      | Reached skill level 8 in Bows
  3509 | D:4      | Reached skill level 5 in Fighting
  3513 | D:4      | HP: 5/44 [orc/+0 flail (3)]
  3925 | D:4      | Found a bloodstained altar of Trog.
  3925 | D:4      | Found a blossoming altar of Fedhas.
  4006 | D:5      | Entered Level 5 of the Dungeon
  4223 | D:5      | Reached skill level 9 in Bows
  4223 | D:5      | Reached XP level 8. HP: 50/50 MP: 9/9
  4366 | D:5      | Found a glowing silver altar of Zin.
  4372 | D:5      | Noticed an angel
  4383 | D:5      | Found a shimmering altar of Xom.
  4909 | D:5      | HP: 7/51 [gnoll/+0 halberd (6)]
  4914 | D:5      | Slain by a gnoll shaman

Illustrated notes

Levels and vault maps discovered:
D:1:      wander_arrival_lonely_grave, layout_loops_ring, serial_forest,
          infiniplex_forest_clump_double, infiniplex_forest_lined_1,
          infiniplex_forest_end_1, infiniplex_forest_end_2,
          infiniplex_forest_clump_small
D:2:      cheibrodos_helix_gallery, layout_basic, kennysheep_flooded_box,
          minmay_fractal_squares_gapless_5, uniq_sigmund, uniq_natasha
D:3:      layout_basic, old_standard_altar, dreamdust_ecumenical_altar_statues,
          serial_shops, shop, serial_bayou, serial_bayou_lake_a,
          serial_bayou_lagoon_b, serial_bayou_pond_c, serial_bayou_shore_a,
          serial_bayou_pond_e, serial_bayou_pond_b
D:4:      layout_gridville, gammafunk_temple_overflow_statue,
          hangedman_abyss_or_decor_jellyfish_corner
D:5:      layout_loops_corners, grunt_temple_overflow_order_and_chaos_1

Skill      XL: |  1  2  3  4  5  6  7 |
---------------+----------------------+-----
Bows           | 5 6 7 9 |  9.8
Fighting       | 3 4 5 |  5.9
Dodging        | |  2.1
Stealth        | |  1.0

Action                   |  1- 3 |  4- 6 |  7- 9 || total
-------------------------+-------+-------+-------++-------
Melee: Shortbow          |       |       |     4 ||     4
 Fire: Shortbow          |    87 |   104 |   154 ||   345
Evoke: Wand              |       |       |     6 ||     6
  Use: Scroll            |     7 |     1 |     3 ||    11
       Potion            |       |       |     2 ||     2
Armor: Leather armour    |    13 |     7 |    19 ||    39
Dodge: Dodged            |    18 |    38 |    44 ||   100

Table legend: (Time is in decaauts)
 A = Elapsed time spent in this place.
 B = Non-inter-level travel time spent in this place.
 C = Inter-level travel time spent in this place.
 D = Time resting spent in this place.
 E = Time spent auto-exploring this place.
 F = Levels seen in this place.
 G = Mean time per level.
                   A        B        C        D        E       F      G
               +--------+--------+--------+--------+--------+-----+--------+
         Total |   4756 |   4656 |    100 |    458 |   3423 |   5 |  951.2 |
       Dungeon |   4756 |   4656 |    100 |    458 |   3423 |   5 |  951.2 |
               +--------+--------+--------+--------+--------+-----+--------+

Top non-repeatable levels by time:
     D:4: 1165 daAuts
     D:2: 1037 daAuts
     D:3: 864 daAuts
     D:5: 856 daAuts
     D:1: 832 daAuts
